 Dungeon Sprint DCSS version 0.22.1-2-g9c5b331 (webtiles) character file.

175739 diana the Swordmaster (level 16, -5/183 HPs)
             Began as a Centaur Fighter on Dec 5, 2018.
             Was the Champion of Cheibriados.
             Slain by Mennas
             ... wielding a +4 eudemon blade of holy wrath
              (8 damage)
             ... in the Dungeon (Sprint IX: "|||||||||||||||||||||||||||||").
             The game lasted 00:26:50 (7523 turns).

diana the Swordmaster (Centaur Fighter)             Turns: 7523, Time: 00:26:50

Health: -5/183     AC: 21    Str: 44    XL:     16   Next: 10%
Magic:  26/26      EV: 18    Int: 22    God:    Cheibriados [******]
Gold:   393        SH:  0    Dex: 35    Spells: 15/15 levels left

rFire    + . .     SeeInvis .   J - +4 double sword
rCold    + + +     Gourm    .   c - +0 shield
rNeg     . . .     Faith    .   W - +3 ice dragon scales
rPois    .         Spirit   .   X - +1 helmet
rElec    .         Reflect  .   P - +1 cloak
rCorr    .         Harm     +   r - +0 pair of gloves
MR       ++...     NoTele   +   (no barding)
Stlth    ..........             E - amulet "Xofeprant" {Harm *Drain rC+ Dex+4}
HPRegen  0.40/turn              q - +6 ring of dexterity
MPRegen  0.20/turn              F - ring "Tiz Ys Ofeo" {rF++ MR+ Str+4}

@: confused, glowing, silenced, very slow
A: large, hooves 3, deformed body, speed 2, tough skin 3
}: 4/17 runes: decaying, serpentine, barnacled, gossamer
a: Renounce Religion


You were in the Dungeon.
You worshipped Cheibriados.
Cheibriados was exalted by your worship.
You were hungry.

You visited 1 branch You collected 1936 gold pieces.
You spent 1543 gold pieces at shops.

Inventory:

Hand Weapons
 a - a +3 scimitar of flaming
 J - a +4 double sword (weapon)
 M - a +0 triple crossbow of velocity
Missiles
 b - 19 steel javelins
 t - a throwing net
 G - 56 javelins (quivered)
Armour
 c - a +0 shield (worn)
 p - a +0 large shield
 r - a +0 pair of gloves (worn)
 O - the +2 chain mail of Theory {Dex+3}
   (You found it in the Dungeon)

   It affects your dexterity (+3).
 P - a +1 cloak (worn)
 V - +0 gold dragon scales
 W - +3 ice dragon scales (worn)
 X - a +1 helmet (worn)
Jewellery
 q - a +6 ring of dexterity (left hand)
 s - an uncursed ring of fire
 E - the amulet "Xofeprant" (around neck) {Harm *Drain rC+ Dex+4}
   (You bought it in a shop in the Dungeon)

   [amulet of harm]

   It increases damage dealt and taken.
   It affects your dexterity (+4).
   It protects you from cold.
   It causes draining when unequipped.
 F - the ring "Tiz Ys Ofeo" (right hand) {rF++ MR+ Str+4}
   (You bought it in a shop in the Dungeon)

   [ring of protection from magic]

   It affects your strength (+4).
   It greatly protects you from fire.
   It affects your resistance to hostile enchantments.
 I - an uncursed ring of protection from cold
 K - an uncursed ring of see invisible
 L - an uncursed ring of poison resistance
Wands
 o - a wand of iceblast (1)
 v - a wand of disintegration (4)
Scrolls
 k - 3 scrolls of blinking
 m - 6 scrolls of remove curse
 n - 2 scrolls of amnesia
 x - 2 scrolls of fear
 y - 3 scrolls of identify
 z - 2 scrolls of enchant weapon
 A - a scroll of magic mapping
 S - 8 scrolls of enchant armour
 T - a scroll of fog
Potions
 d - 5 potions of might
 e - 7 potions of curing
 g - a potion of heal wounds
 h - a potion of haste
 i - 4 potions of magic
 j - 4 potions of berserk rage
 l - a potion of invisibility
 w - a potion of agility
 R - 2 potions of brilliance
Comestibles
 f - 11 rations


   Skills:
 O Level 27 Fighting
 O Level 27 Long Blades
 + Level 10.4 Armour
 + Level 10.1 Dodging
 - Level 4.5 Shields
 - Level 13.4 Invocations


You had 15 spell levels left.
You didn't know any spells.
Your spell library contained the following spells:

 Spells                   Type           Power        Failure   Level  Hunger
 Blink                    Tloc           N/A          73%         2    ###....
 Shroud of Golubria       Chrm/Tloc      #.........   73%         2    ###....
 Gell's Gravitas          Tloc           #.........   91%         3    ####...
 Lesser Beckoning         Tloc           #.........   91%         3    ####...
 Teleport Other           Tloc           #.......     91%         3    ####...
 Passage of Golubria      Tloc           N/A          100%        4    #####..


Dungeon Overview and Level Annotations

Branches:
Dungeon (1/1)

Altars:
Cheibriados
Dithmenos
Elyvilon
Fedhas
Gozag
Hepliaklqana
Kikubaaqudgha
Makhleb
Nemelex Xobeh
Okawaru
Qazlal
Ru
Sif Muna
Trog
Uskayaw
Vehumet
Wu Jian
Xom
Yredelemnul
Zin
The Shining One
Beogh
Jiyva
Lugonu

Shops:
D =:(:

Annotations:
D Kirke, Mennas


Innate Abilities, Weirdness & Mutations

You have hooves in place of feet.
Armour fits poorly on your strangely shaped body.
You cover ground very quickly.
You have extremely tough skin. (AC +3)


Message History

Mennas hits you with an eudemon blade of holy wrath!!
* * * LOW HITPOINT WARNING * * *
Mennas gestures frantically.
Mennas's surroundings become eerily quiet.
You feel much better. Mennas closely misses you.
Mennas hits you with an eudemon blade of holy wrath!
* * * LOW HITPOINT WARNING * * *
You feel much better.
Mennas hits you with an eudemon blade of holy wrath!!
* * * LOW HITPOINT WARNING * * *
Mennas hits you but does no damage.
Mennas hits you with an eudemon blade of holy wrath!
* * * LOW HITPOINT WARNING * * *
Mennas hits you with an eudemon blade of holy wrath.
* * * LOW HITPOINT WARNING * * *
You feel much better.
Mennas hits you with an eudemon blade of holy wrath!!
* * * LOW HITPOINT WARNING * * *
Mennas hits you with an eudemon blade of holy wrath!
You die...

...[.............................
▓▓▓▓▓▓▓▓▓▓▓▓▓▓▓▓▓▓▓▓▓▓▓▓▓▓▓▓▓▓▓▓▓
..[...................=.'........
▓▓▓▓▓▓▓▓▓▓▓▓▓▓▓▓▓▓▓▓▓▓▓▓▓▓▓▓▓▓▓▓▓
................)........)).)....
▓▓▓▓▓▓▓▓▓▓▓▓▓▓▓▓▓▓▓▓▓▓▓▓▓▓▓▓▓▓▓▓▓
.†'†††.†........')))))))).....'..
▓▓▓▓▓▓▓▓▓▓▓▓▓▓▓▓▓▓▓▓▓▓▓▓▓▓▓▓▓▓▓▓▓
.Hhhhh@A@..[.............
▓▓▓▓▓▓▓▓▓▓▓▓▓▓▓▓▓▓▓▓▓▓▓▓▓


You could see Mennas, Kirke, a manticore and 4 hogs.

Vanquished Creatures
  Sojobo (D)
  Boris (D)
  Margery (D)
  Saint Roka (D)
  Jory (D)
  A sphinx (D)
  2 tengu reavers (D)
  A nagaraja (D)
  Ilsuiw (D)
  A fire giant (D)
  A ghost moth (D)
  Louise (D)
  A frost giant (D)
  A vault warden (D)
  2 emperor scorpions (D)
  3 ironheart preservers (D)
  An entropy weaver (D)
  4 stone giants (D)
  5 merfolk javelineers (D)
  3 fire dragons (D)
  2 merfolk impalers (D)
  3 yaktaur captains (D)
  2 ice dragons (D)
  A great orb of eyes (D)
  11 hydras (D)
  A spriggan air mage (D)
  Erica (D)
  4 merfolk aquamancers (D)
  2 anacondas (D)
  A death yak (D)
  2 centaur warriors (D)
  An alligator (D)
  7 ogre magi (D)
  A two-headed ogre (D)
  A tengu warrior (D)
  2 deep troll shamans (D)
  2 shock serpents (D)
  Urug (D)
  A deep elf knight (D)
  3 hell knights (D)
  An unseen horror (D)
  2 sea snakes (D)
  3 swamp dragons (D)
  A spriggan druid (D)
  2 naga ritualists (D)
  A wizard (D)
  3 wolf spiders (D)
  5 orc knights (D)
  2 ironbrand convokers (D)
  2 necromancers (D)
  2 deep elf magi (D)
  3 ugly things (D)
  A cyclops (D)
  3 moths of wrath (D)
  Maurice (D)
  2 manticores (D)
  A merfolk siren (D)
  5 guardian serpents (D)
  2 black mambas (D)
  4 naga magi (D)
  A vault sentinel (D)
  2 spiny frogs (D)
  A komodo dragon (D)
  3 demonic crawlers (D)
  A yaktaur (D)
  A troll (D)
  4 merfolk (D)
  4 jumping spiders (D)
  A tyrant leech (D)
  A wind drake (D)
  A hornet (D)
  2 slime creatures (D)
  5 hippogriffs (D)
  2 wyverns (D)
  A spriggan (D)
  A wraith (D)
  4 redbacks (D)
  A basilisk (D)
  2 tarantellas (D)
  A yak (D)
  2 vampire mosquitoes (D)
  3 wargs (D)
  5 nagas (D)
  An insubstantial wisp (D)
  2 water moccasins (D)
  A hell hound (D)
  A swamp drake (D)
  15 orc warriors (D)
  10 ogres (D)
  An eye of draining (D)
  4 wolves (D)
  2 centaurs (D)
  3 crocodiles (D)
  2 bullfrogs (D)
  2 hounds (D)
  5 orc priests (D)
  6 orc wizards (D)
  A worker ant (D)
  An adder (D)
  A shadow imp (D)
  5 orcs (D)
  3 goblins (D)
  2 hobgoblins (D)
  A ball python (D)
  A quokka zombie (D)
247 creatures vanquished.

Vanquished Creatures (others)
  A fire dragon (D)
  An ogre mage (D)
  A spatial maelstrom (D)
  An unseen horror (D)
  A necromancer (D)
5 creatures vanquished.

Grand Total: 252 creatures vanquished

Notes
Turn   | Place    | Note
-------+----------+-------------------------------------------
     0 | D        | diana the Centaur Fighter began the quest for the Orb.
     0 | D        | Reached XP level 1. HP: 19/19 MP: 1/1
     0 | D        | Banished a spatial maelstrom
    35 | D        | Noticed an ogre
    35 | D        | Noticed a hound
    38 | D        | Killed an ogre
    38 | D        | Reached XP level 2. HP: 28/28 MP: 2/2
    38 | D        | Reached XP level 3. HP: 34/34 MP: 3/3
    38 | D        | Reached XP level 4. HP: 41/41 MP: 4/4
    46 | D        | Reached skill level 5 in Long Blades
    50 | D        | Reached skill level 5 in Fighting
   204 | D        | Found a roughly hewn altar of Beogh.
   204 | D        | Found a snail-covered altar of Cheibriados.
   204 | D        | Found a shadowy altar of Dithmenos.
   204 | D        | Found a white marble altar of Elyvilon.
   204 | D        | Found a blossoming altar of Fedhas.
   204 | D        | Found an opulent altar of Gozag.
   205 | D        | Found a hazy altar of Hepliaklqana.
   206 | D        | Found a viscous altar of Jiyva.
   207 | D        | Found an ancient bone altar of Kikubaaqudgha.
   208 | D        | Found a corrupted altar of Lugonu.
   209 | D        | Found a burning altar of Makhleb.
   210 | D        | Found a sparkling altar of Nemelex Xobeh.
   211 | D        | Found an iron altar of Okawaru.
   212 | D        | Found a stormy altar of Qazlal.
   213 | D        | Found a sacrificial altar of Ru.
   214 | D        | Found a deep blue altar of Sif Muna.
   215 | D        | Found a bloodstained altar of Trog.
   224 | D        | Became a worshipper of Cheibriados the Contemplative
   233 | D        | Found a hide-covered altar of Uskayaw.
   234 | D        | Found a radiant altar of Vehumet.
   235 | D        | Found an ornate altar of the Wu Jian Council.
   236 | D        | Found a shimmering altar of Xom.
   237 | D        | Found a basalt altar of Yredelemnul.
   238 | D        | Found a glowing silver altar of Zin.
   239 | D        | Found a glowing golden altar of the Shining One.
   290 | D        | Noticed a hippogriff
   290 | D        | Noticed an eye of draining
   290 | D        | Noticed a centaur
   295 | D        | Killed a hippogriff
   295 | D        | Reached XP level 5. HP: 39/50 MP: 5/5
   295 | D        | Reached XP level 6. HP: 45/57 MP: 6/6
   304 | D        | Reached skill level 5 in Armour
   307 | D        | Killed an unseen horror
   311 | D        | Reached XP level 7. HP: 40/66 MP: 1/7
   370 | D        | Noticed a deep elf mage
   370 | D        | Noticed a deep elf mage
   370 | D        | Noticed a troll
   378 | D        | Reached skill level 5 in Dodging
   393 | D        | Noticed a fire elemental
   393 | D        | Killed a deep elf mage
   393 | D        | Reached * piety under Cheibriados
   393 | D        | Reached skill level 10 in Long Blades
   393 | D        | Reached XP level 8. HP: 51/75 MP: 8/8
   406 | D        | Killed a troll
   411 | D        | Killed a deep elf mage
   411 | D        | Reached ** piety under Cheibriados
   743 | D        | Noticed Maurice
   751 | D        | Killed Maurice
   751 | D        | Reached XP level 9. HP: 76/85 MP: 9/9
   845 | D        | Noticed a death yak
   855 | D        | Noticed a spiny frog
   856 | D        | Reached *** piety under Cheibriados
   856 | D        | Reached skill level 10 in Fighting
   860 | D        | Reached **** piety under Cheibriados
   876 | D        | Killed a death yak
   883 | D        | Killed a spiny frog
   883 | D        | Reached ***** piety under Cheibriados
  1075 | D        | Noticed a komodo dragon
  1075 | D        | Noticed a five-headed hydra
  1075 | D        | Noticed a black mamba
  1083 | D        | Killed a komodo dragon
  1083 | D        | Reached XP level 10. HP: 74/94 MP: 10/10
  1087 | D        | Killed a five-headed hydra
  1096 | D        | Killed a black mamba
  1100 | D        | Reached ****** piety under Cheibriados
  1436 | D        | Noticed Erica
  1443 | D        | Killed Erica
  1681 | D        | Reached XP level 11. HP: 35/104 MP: 11/11
  1959 | D        | Noticed an orc knight
  1968 | D        | Killed an orc knight
  1968 | D        | Reached skill level 15 in Long Blades
  1979 | D        | Noticed an orc knight
  1990 | D        | Killed an orc knight
  2254 | D        | Found Moolyurul's Jewellery Emporium.
  2254 | D        | Noticed an ogre mage
  2256 | D        | Noticed an ogre mage
  2260 | D        | Noticed a two-headed ogre
  2264 | D        | Killed an ogre mage
  2264 | D        | Reached skill level 5 in Invocations
  2265 | D        | Found Hoekh's Book Shoppe.
  2268 | D        | Killed an ogre mage
  2270 | D        | Killed a two-headed ogre
  2274 | D        | Found Bituqi's Antique Weapon Emporium.
  2277 | D        | Found Bier's Book Shoppe.
  2277 | D        | Noticed an ogre mage
  2280 | D        | Noticed an ogre mage
  2295 | D        | Killed an ogre mage
  2299 | D        | HP: 5/107 [ogre mage/bolt of cold (27)]
  2303 | D        | Killed an ogre mage
  2471 | D        | Bought the amulet "Xofeprant" {Harm *Drain rC+ Dex+4} for
                  | 733 gold pieces
  2471 | D        | Bought the ring "Tiz Ys Ofeo" {rF++ MR+ Str+4} for 810 gold
                  | pieces
  2613 | D        | Noticed Urug
  2619 | D        | Killed Urug
  2922 | D        | Noticed a centaur warrior
  2923 | D        | Noticed a fire dragon
  2926 | D        | Noticed a purple ugly thing
  2927 | D        | Noticed a stone giant
  2932 | D        | Noticed a stone giant
  2934 | D        | Killed a centaur warrior
  2934 | D        | Reached XP level 12. HP: 103/117 MP: 18/18
  2939 | D        | Killed a fire dragon
  2949 | D        | Noticed a fire dragon
  2952 | D        | Killed a stone giant
  2954 | D        | Noticed a fire giant
  2957 | D        | Killed a stone giant
  2957 | D        | Reached skill level 10 in Invocations
  2960 | D        | Killed a fire dragon
  2968 | D        | Killed a fire giant
  2968 | D        | Reached skill level 15 in Fighting
  3279 | D        | Noticed Saint Roka
  3297 | D        | Killed Saint Roka
  3700 | D        | Noticed a merfolk javelineer
  3706 | D        | Noticed a merfolk impaler
  3716 | D        | Killed a merfolk javelineer
  3718 | D        | Reached XP level 13. HP: 98/128 MP: 22/22
  3740 | D        | Killed a merfolk impaler
  4695 | D        | Noticed a fire dragon
  4696 | D        | Noticed a frost giant
  4704 | D        | Killed a fire dragon
  4713 | D        | Killed a frost giant
  4724 | D        | Noticed a stone giant
  4729 | D        | Noticed a fire dragon
  4730 | D        | Reached XP level 14. HP: 117/144 MP: 24/24
  4733 | D        | Killed a stone giant
  5060 | D        | Noticed a sphinx
  5074 | D        | Killed a sphinx
  5075 | D        | Noticed a vault warden
  5077 | D        | Noticed an ironheart preserver
  5077 | D        | Noticed an ironheart preserver
  5086 | D        | Killed a vault warden
  5090 | D        | Killed an ironheart preserver
  5093 | D        | Killed an ironheart preserver
  5145 | D        | Noticed an entropy weaver
  5154 | D        | Killed an entropy weaver
  5393 | D        | Noticed an ironheart preserver
  5394 | D        | Noticed a stone giant
  5400 | D        | Killed an ironheart preserver
  5406 | D        | Killed a stone giant
  5632 | D        | Noticed Jory
  5640 | D        | Killed Jory
  5727 | D        | Noticed a tengu reaver
  5727 | D        | Noticed Sojobo
  5729 | D        | Noticed a tengu reaver
  5730 | D        | Killed a tengu reaver
  5733 | D        | Killed Sojobo
  5733 | D        | Reached XP level 15. HP: 158/158 MP: 5/25
  5733 | D        | Killed a tengu reaver
  5929 | D        | Got the +2 chain mail of Theory {Dex+3}
  6051 | D        | Noticed Margery
  6059 | D        | Killed Margery
  6223 | D        | Noticed Louise
  6233 | D        | Killed Louise
  6306 | D        | Reached skill level 27 in Long Blades
  6342 | D        | Got a decaying rune of Zot
  6462 | D        | Noticed a nagaraja
  6473 | D        | Killed a nagaraja
  6486 | D        | Got a serpentine rune of Zot
  6920 | D        | Killed a ghost moth
  6924 | D        | Got a gossamer rune of Zot
  7054 | D        | Noticed Ilsuiw
  7065 | D        | Killed Ilsuiw
  7082 | D        | Reached XP level 16. HP: 43/182 MP: 1/26
  7087 | D        | Got a barnacled rune of Zot
  7393 | D        | Noticed Boris
  7401 | D        | Killed Boris
  7401 | D        | Reached skill level 27 in Fighting
  7401 | D        | Reached skill level 10 in Armour
  7401 | D        | Reached skill level 10 in Dodging
  7500 | D        | Noticed Mennas
  7508 | D        | Noticed Kirke
  7513 | D        | HP: 6/183 [Mennas/eudemon blade of holy wrath (16)]
  7522 | D        | HP: 9/183 [Mennas/eudemon blade of holy wrath (7)]
  7523 | D        | HP: 3/183 [Mennas/eudemon blade of holy wrath (24)]
  7523 | D        | Slain by Mennas

Skill      XL: |  1  2  3  4  5  6  7  8  9 10 11 12 13 14 15 16 |
---------------+-------------------------------------------------+-----
Long Blades    | 4 7 8 10 11 13 14 17 19 22 25 27 | 27.0
Fighting       | 4 6 7 8 9 10 12 14 16 18 21 26 27 | 27.0
Armour         | 3 4 5 6 7 8 9 10 | 10.4
Dodging        | 2 3 4 5 6 8 9 10 | 10.1
Shields        | 3 4 |  4.5
Invocations    | 8 12 13 | 13.4

Action                   |  1- 3 |  4- 6 |  7- 9 | 10-12 | 13-15 | 16-18 || total
-------------------------+-------+-------+-------+-------+-------+-------++-------
Melee: Long sword        |    13 |    13 |       |       |       |       ||    26
       Kick              |     4 |    11 |    44 |   101 |   146 |     7 ||   313
       Scimitar          |       |    18 |    92 |   129 |    87 |       ||   326
       Double sword      |       |       |       |    57 |   146 |    15 ||   218
Invok: Slouch            |       |       |       |     5 |    29 |       ||    34
Evoke: Wand              |       |       |     2 |     7 |       |       ||     9
  Use: Potion            |       |       |     2 |     4 |     2 |     5 ||    13
       Scroll            |       |       |     1 |       |       |       ||     1
  Eat: Chunk             |       |       |       |     3 |     9 |       ||    12
Armor: Scale mail        |     4 |     1 |       |    10 |    31 |       ||    46
       Plate armour      |       |    14 |    29 |    26 |       |       ||    69
       Ice dragon scales |       |       |       |       |    45 |    10 ||    55
Dodge: Dodged            |     1 |     8 |    12 |    69 |   123 |     6 ||   219
Block: Shield            |     3 |     9 |    43 |    90 |   155 |     3 ||   303
       Rpst.: Long sword |       |     1 |       |       |       |       ||     1
       Scimitar          |       |       |     3 |    11 |     3 |       ||    17
       Double sword      |       |       |       |     2 |     9 |       ||    11
